 Dungeon Crawl Stone Soup version 0.25-a0-316-gd28d56f9c5 (webtiles) character file.

Game seed: 1012508829107931033, levelgen mode: deterministic

67 Lanoc the Ducker (level 3, -2/17 HPs)
             Began as a Felid Monk on Dec 24, 2019.
             Slain by a hobgoblin (3 damage)
             ... on level 2 of the Dungeon.
             The game lasted 00:02:08 (2014 turns).

Lanoc the Ducker (Felid Monk)                       Turns: 2014, Time: 00:02:09

Health: -2/17      AC:  1    Str:  7    XL:     3   Next: 98%
Magic:  4/4        EV: 21    Int: 11    God:
Gold:   77         SH:  0    Dex: 24    Spells: 2/2 levels left
                                        Lives:  0   Deaths: 0

rFire    . . .     SeeInvis +     - Unarmed
rCold    + . .     Gourm    .   (shield unavailable)
rNeg     . . .     Faith    .   (armour unavailable)
rPois    .         Spirit   .   (helmet unavailable)
rElec    .         Reflect  .   (cloak unavailable)
rCorr    .         Harm     .   (gloves unavailable)
MR       .....                  (boots unavailable)
Stlth    +++.......             (no amulet)
HPRegen  0.05/turn              d - ring of protection from cold
MPRegen  0.09/turn              h - +5 ring of dexterity

@: quick
A: very small, no armour, no weapons or thrown items, stealth, claws 1, fangs 3,
see invisible, carnivore, speed 1, shaggy fur 1, slow metabolism 1, sharp paws
a: no special abilities


You were on level 2 of the Dungeon.
You were completely stuffed.

You visited 1 branch of the dungeon, and saw 2 of its levels.

You collected 77 gold pieces.

Inventory:

Jewellery
 d - a ring of protection from cold (left paw)
 h - a +5 ring of dexterity (right paw)
Scrolls
 b - 3 scrolls of remove curse {unknown}
 g - 4 scrolls of identify {unknown}
 i - a scroll of enchant weapon {unknown}
 j - a scroll of noise {unknown}
 k - a scroll of blinking {unknown}
Potions
 c - 3 potions of curing {unknown}
 e - a potion of mutation {unknown}
 f - a potion of haste {unknown}
Comestibles
 a - 4 rations


   Skills:
 + Level 3.4 Fighting
 + Level 4.5 Dodging
 + Level 3.5 Stealth
 * Level 3.9 Unarmed Combat


You had 2 spell levels left.
You didn't know any spells.
Your spell library was empty.

Dungeon Overview and Level Annotations

Branches:
Dungeon (2/15)

Altars:
Cheibriados


Innate Abilities, Weirdness & Mutations

You cannot wear armour.
You are incapable of wielding weapons or throwing items.
Your paws allow you to move quietly. (Stealth)
You have sharp claws.
You have razor-sharp teeth.
You have supernaturally acute eyesight. (SInv)
You are carnivorous and can eat meat at any time.
You cover ground quickly.
You are covered in fur. (AC +1)
You have a slow metabolism.
Your sharp claws are effective at attacking unaware monsters.


Message History

The hobgoblin hits you.
* * * LOW HITPOINT WARNING * * *
You scratch the hobgoblin.
The hobgoblin is almost dead.
The hobgoblin misses you.
You barely miss the hobgoblin.
The hobgoblin is almost dead.
You scratch the hobgoblin but do no damage.
Your claw misses the hobgoblin.
The hobgoblin is almost dead.
The hobgoblin hits you.
* * * LOW HITPOINT WARNING * * *
You scratch the hobgoblin but do no damage.
You bite the hobgoblin, but do no damage.
The hobgoblin is almost dead.
The hobgoblin completely misses you.
You scratch the hobgoblin but do no damage.
The hobgoblin is almost dead.
The hobgoblin hits you.
You die...

......................
#..######.#.##########
##.######.#...........
##......#.#.####.####.
.......#.#.# +†+ #.
#......#.#.# #.# #.
##.##...#.#.# #.# #.
#.##...#)..#.#.. ...
.. ....._.g@....#.#
#.# #. ...#...##.#..#.
#.# #. ##.# #.##.# #.#
... #.##.# ... ..##.#
.....
####.############ ....
#..#....[..... ....
##.#.##.######
######.#.##.#


You could see a hobgoblin.

Vanquished Creatures
  3 adders (D:2)
  An orc (D:2)
  2 giant cockroaches
  6 goblins
  2 hobgoblins
  5 jackals (D:1)
  3 bats
  6 frilled lizards
  5 kobolds
  6 rats (D:1)
39 creatures vanquished.

Notes
Turn   | Place    | Note
-------+----------+-------------------------------------------
     0 | D:1      | Lanoc the Felid Monk began the quest for the Orb.
     0 | D:1      | Reached XP level 1. HP: 10/10 MP: 2/2
   280 | D:1      | Reached XP level 2. HP: 9/14 MP: 3/3
  1682 | D:2      | Reached XP level 3. HP: 12/17 MP: 4/4
  1986 | D:2      | Found a snail-covered altar of Cheibriados.
  2014 | D:2      | Slain by a hobgoblin

Levels and vault maps discovered:
D:1:      ebering_hopf_link, layout_basic
D:2:      minmay_door_path, layout_basic, nicolae_overflow_crystal_walls

Skill      XL: |  1 |
---------------+----+-----
Stealth        | 3 |  3.5
Fighting       | |  3.4
Dodging        | |  4.5
Unarmed Combat | |  3.9

Action                   || total
-------------------------++-------
Melee: Unarmed           ||   111
       Bite              ||    11
       Punch             ||     1
 Stab: Sleeping          ||    11
  Eat: Chunk             ||     9
Armor: Skin              ||     2
Dodge: Dodged            ||    80

Table legend:
 A = Non-vault XP
 B = Vault XP
 C = Vault XP percentage of total XP
 D = Non-vault monster count
 E = Vault monster count
 F = Vault count percentage of total count
                 A         B        C        D         E       F
            +---------+---------+-------+---------+---------+-------
      Total |      94 |       2 |   2.1 |      38 |       1 |   2.6
            +---------+---------+-------+---------+---------+-------
        D:1 |      37 |       0 |   0.0 |      25 |       0 |   0.0
        D:2 |      57 |       2 |   3.4 |      13 |       1 |   7.1
            +---------+---------+-------+---------+---------+-------
